 Dungeon Crawl Stone Soup version 0.30-a0-371-gad7725a93e (webtiles) character file.

Game seed: 3760313541294125948

63 gruber the Chiller (level 4, 0/24 HPs)
             Began as a Gargoyle Ice Elementalist on Nov 22, 2022.
             Killed from afar by Natasha (9 damage)
             ... with a puff of flame
             ... on level 2 of the Dungeon.
             The game lasted 00:01:14 (1043 turns).

gruber the Chiller (Gargoyle Ice Elementalist)      Turns: 1043, Time: 00:01:15

Health: 0/24       AC:  6    Str: 12    XL:     4   Next: 9%
Magic:  1/7        EV: 11    Int: 17    God:
Gold:   58         SH:  0    Dex: 10    Spells: 6/7 levels left

rFire   . . .      SeeInvis .    e - +1 short sword (elec)
rCold   . . .      Faith    .    (no shield)
rNeg    + . .      Spirit   .    a - +0 robe
rPois   ∞          Reflect  .    c - +0 helmet
rElec   +          Harm     .    (no cloak)
rCorr   .          Rampage  .    (no gloves)
Will    .....                    (no boots)
Stlth   ++........               (no amulet)
HPRegen 0.24/turn                (no ring)
MPRegen 0.10/turn                (no ring)

@: no status effects
A: sickness immunity, AC +3, negative energy resistance 1, electricity
resistance, torment resistance 1, petrification resistance
a: no special abilities


You were on level 2 of the Dungeon.
You visited 1 branch of the dungeon, and saw 2 of its levels.

You collected 58 gold pieces.

Inventory:

Hand Weapons
 e - a +1 short sword of electrocution (weapon)
Armour
 a - a +0 robe (worn)
 c - a +0 helmet (worn)
Scrolls
 f - a scroll of brand weapon {unknown}
 g - a scroll of amnesia {unknown}
 h - a scroll of immolation {unknown}
 j - a scroll of blinking {unknown}
Potions
 b - a potion of magic
 d - a potion of brilliance {unknown}
 i - a potion of heal wounds {unknown}


   Skills:
 - Level 1.5 Dodging
 - Level 2.1 Stealth
 - Level 2.0 Spellcasting
 * Level 5.5 Ice Magic


You had 6 spell levels left.
You knew the following spells:

 Your Spells              Type           Power      Damage    Failure   Level
a - Freeze                Ice            80%        1d9       1%          1

Your spell library contained the following spells:

 Spells                   Type           Power      Damage    Failure   Level
 Frozen Ramparts          Ice            40%        1d7       6%          3
 Ozocubu's Armour         Ice            20%        N/A       6%          3
 Portal Projectile        Hex/Tloc       2%         N/A       50%         3
 Tukima's Dance           Hex            1%         N/A       50%         3
 Summon Ice Beast         Ice/Summ       11%        N/A       52%         4
 Blade Hands              Tmut           0%         N/A       99%         5


Dungeon Overview and Level Annotations

Branches:
Dungeon (2/15)

Altars:

Annotations:
D:2 Natasha


Innate Abilities, Weirdness & Mutations

You are immune to sickness and miasma.
Your stone body is resilient. (AC +3)
You are immune to poison.
You resist negative energy. (rN+)
You are resistant to electric shocks. (rElec)
You are resistant to unholy torment.
You are immune to petrification.


Message History

You feel disoriented.
Natasha mumbles some strange words.
The endoplasm closely misses you. The endoplasm attacks as you move away!
The endoplasm barely misses you.
You miscast Freeze.
You are very lightly contaminated with residual magic.
Nothing appears to happen.
The endoplasm freezes you.
You are frozen.
Natasha growls.
You freeze the endoplasm.
The endoplasm is severely wounded.
Natasha casts a spell.
The endoplasm freezes you.
You are frozen.
You freeze the endoplasm.
You kill the endoplasm!
You freeze the hobgoblin!
You kill the hobgoblin!
You freeze the quokka!
You kill the quokka!
Natasha zaps a wand.
The puff of flame misses you.
You freeze the white imp.
The white imp resists.
The white imp is lightly wounded.
The white imp hits you but does no damage.
You freeze the white imp.
The white imp resists.
The white imp is lightly wounded.
The white imp hits you but does no damage.
Your magical contamination has completely faded away.
You are out of magic!
You are out of magic!
You are out of magic!
You hit the white imp but do no damage.
Lightning courses through the white imp!!
You kill the white imp!
The white imp disappears in a puff of smoke!
You barely miss Natasha. Natasha casts a spell at you. The magic dart hits you.
You closely miss Natasha.
Natasha zaps a wand.
The puff of flame hits you!
You die...

###### #.......#####
#........... ..........
........ ... ..# ## #.###.#
###. ###.###.#5h@# #...
h.........#### #######.#.
###..........### #.........
....###.#......####.####....
.## #.###.##...##.# #.....
#.# #.........# #..... ..#
######....# #..... ...
#....# #..... .... #....#
#.....


You could see an iron imp (summoned) and Natasha.

Vanquished Creatures
  Natasha (D:2)
  A worm (D:2)
  A dart slug (D:1)
  3 ball pythons
  4 bats (D:1)
  4 endoplasms
  A giant cockroach (D:1)
  4 hobgoblins
  2 quokkas
  A frilled lizard (D:1)
  2 goblins (D:1)
  5 kobolds
  A rat (D:1)
30 creatures vanquished.

Notes
Turn   | Place    | Note
-------+----------+-------------------------------------------
     0 | D:1      | gruber the Gargoyle Ice Elementalist began the quest for
                  | the Orb.
     0 | D:1      | Reached XP level 1. HP: 10/10 MP: 3/3
   195 | D:1      | Reached XP level 2. HP: 12/15 MP: 5/5
   602 | D:1      | Reached XP level 3. HP: 19/19 MP: 6/6
   820 | D:2      | Noticed Natasha
   849 | D:2      | Reached skill level 5 in Ice Magic
   892 | D:2      | Killed Natasha
   984 | D:2      | Reached XP level 4. HP: 23/24 MP: 7/7
  1028 | D:2      | Noticed Natasha
  1043 | D:2      | Killed from afar by Natasha

Illustrated notes

Levels and vault maps discovered:
D:1:      wander_arrival_lonely_grave, layout_basic, serial_rivers,
          chequers_serial_rivers_micro_e, chequers_serial_rivers_micro_b,
          chequers_serial_rivers_large_a, chequers_serial_rivers_micro_c,
          chequers_serial_rivers_micro_e
D:2:      layout_rooms, solitary_fountain, uniq_natasha

Skill      XL: |  1  2  3 |
---------------+----------+-----
Ice Magic      | 5 |  5.5
Dodging        | |  1.5
Stealth        | |  2.1
Spellcasting   | |  2.0

Action                   |  1- 3 |  4- 6 || total
-------------------------+-------+-------++-------
Melee: Short sword       |    58 |     8 ||    66
 Cast: Freeze            |    14 |     6 ||    20
 Stab: Sleeping          |     2 |       ||     2
Armor: Robe              |    31 |     4 ||    35
Dodge: Dodged            |    44 |     6 ||    50

Table legend: (Time is in decaauts)
 A = Elapsed time spent in this place.
 B = Non-inter-level travel time spent in this place.
 C = Inter-level travel time spent in this place.
 D = Time resting spent in this place.
 E = Time spent auto-exploring this place.
 F = Levels seen in this place.
 G = Mean time per level.
                   A        B        C        D        E       F      G
               +--------+--------+--------+--------+--------+-----+--------+
         Total |   1048 |   1025 |     23 |     19 |    736 |   2 |  524.0 |
       Dungeon |   1048 |   1025 |     23 |     19 |    736 |   2 |  524.0 |
               +--------+--------+--------+--------+--------+-----+--------+

Top non-repeatable levels by time:
     D:1: 844 daAuts
     D:2: 204 daAuts
